 Dungeon Crawl Stone Soup version 0.19-a0-1008-g4c63d25 (webtiles) character file.

116 HAL9000 the Cudgeler (level 5, -2/57 HPs)
             Began as an Ogre Berserker on July 22, 2016.
             Was a Priest of Trog.
             Slain by a gnoll
             ... wielding a +0 whip of freezing
              (9 damage)
             ... on level 3 of the Dungeon.
             The game lasted 00:03:26 (2845 turns).

HAL9000 the Cudgeler (Ogre Berserker)               Turns: 2845, Time: 00:03:27

Health: -2/57      AC:  3    Str: 22    XL:     5   Next: 1%
Magic:  5/5        EV: 10    Int:  6    God:    Trog [***...]
Gold:   114        SH:  0    Dex: 10    Spells: 0 memorised, 4 levels left

rFire  . . .     SeeInvis .     p - +0 flail
rCold  . . .     Gourm    .     b - +0 animal skin
rNeg   . . .     Faith    .     (no shield)
rPois  .         Spirit   .     (helmet restricted)
rElec  .         Dismiss  .     (no cloak)
rCorr  .         Reflect  .     (gloves unavailable)
SustAt .         Harm     .     (boots unavailable)
MR     .....                    (no amulet)
Stlth  +.........               (no ring)
                                (no ring)

@: exhausted, slowed, very slow, not resistant to hostile enchantments, very
unstealthy
A: unfitting armour, tough skin 1
a: Berserk, Trog's Hand, Burn Spellbooks, Renounce Religion


You were on level 3 of the Dungeon.
You worshipped Trog.
Trog was most pleased with you.
You were not hungry.

You visited 1 branch of the dungeon, and saw 3 of its levels.

You collected 114 gold pieces.

Inventory:

Hand Weapons
 p - a +0 flail (weapon)
Armour
 b - a +0 animal skin (worn)
Wands
 k - a wand of disintegration (14/24)
Scrolls
 f - a scroll of enchant armour {unknown}
 g - 3 scrolls of remove curse {unknown}
 m - 2 scrolls of identify {unknown}
 o - a scroll of recharging {unknown}
Potions
 d - a potion of flight {unknown}
 e - 2 potions of curing {unknown}
 i - 3 potions of agility {unknown}
Comestibles
 c - 4 bread rations
 q - a beef jerky


   Skills:
 + Level 5.0 Fighting
 * Level 6.6 Maces & Flails
 - Level 2.6 Dodging


You had 4 spell levels left.
You didn't know any spells.

Dungeon Overview and Level Annotations

Branches:
Dungeon (3/15)

Altars:
Gozag
Pakellas


Innate Abilities, Weirdness & Mutations

You are too large for most types of armour.
You have tough skin. (AC +1)


Message History

* * * LOW HITPOINT WARNING * * *
The gnoll hits you from afar with a spear.
* * * LOW HITPOINT WARNING * * *
The gnoll hits you but does no damage.
You struggle against the net.
You feel your anger subside.
The gnoll hits you with a whip of freezing.
* * * LOW HITPOINT WARNING * * *
The gnoll freezes you.
* * * LOW HITPOINT WARNING * * *
The gnoll hits you from afar with a spear.
* * * LOW HITPOINT WARNING * * *
You struggle against the net.
You are no longer berserk.
You are exhausted.
You feel yourself slow down. The gnoll hits you but does no damage.
Unknown command.
You rip the net and break free!
The gnoll hits you with a whip of freezing!
You die...

.......
#..........#
..#####
#..........#
#..........#
##..########
#.........
#.........
###.###....
##.....##...
#.8..@8.#.##
###...gg..#.#
#.....g.....#
#.#.......###
#.#.8...8.# #
##.....##
###.### #..
#..


You could see 3 gnolls.

Vanquished Creatures
  4 adders
  A worm (D:2)
  A dart slug (D:1)
  2 giant geckos (D:3)
  5 orcs (D:3)
  9 bats
  A giant cockroach (D:1)
  3 goblins (D:1)
  8 hobgoblins
  6 jackals (D:1)
  9 kobolds
  3 quokkas (D:2)
  A ball python (D:3)
  5 giant newts
  10 rats
68 creatures vanquished.

Notes
Turn   | Place    | Note
-------+----------+-------------------------------------------
     0 | D:1      | HAL9000 the Ogre Berserker began the quest for the Orb.
     0 | D:1      | Reached XP level 1. HP: 24/24 MP: 1/1
   132 | D:1      | Reached XP level 2. HP: 20/32 MP: 2/2
   541 | D:1      | Reached ** piety under Trog
   541 | D:1      | Reached skill level 5 in Maces & Flails
   727 | D:1      | Reached XP level 3. HP: 40/40 MP: 3/3
  1576 | D:2      | Found an oddly glowing altar of Pakellas.
  1576 | D:2      | Found an opulent altar of Gozag.
  1860 | D:2      | Reached XP level 4. HP: 39/49 MP: 4/4
  2032 | D:2      | Reached skill level 6 in Maces & Flails
  2582 | D:3      | Reached *** piety under Trog
  2582 | D:3      | Reached skill level 5 in Fighting
  2583 | D:3      | Reached XP level 5. HP: 41/57 MP: 5/5
  2816 | D:3      | Found an opulent altar of Gozag.
  2845 | D:3      | Slain by a gnoll

Vault maps used:
D:1:      dpeg_arrival_long_road
D:2:      grunt_temple_overflow_open
D:3:      grunt_gozag_statues

Skill      XL: |  1  2  3  4 |
---------------+-------------+-----
Maces & Flails | 5 6 |  6.6
Fighting       | 5 |  5.0
Dodging        | |  2.6

Action                   |  1- 3 |  4- 6 || total
-------------------------+-------+-------++-------
Melee: Mace              |   143 |    56 ||   199
       Flail             |       |    13 ||    13
Invok: Berserk           |       |     3 ||     3
 Stab: Sleeping          |     2 |       ||     2
  Eat: Chunk             |     3 |     4 ||     7
       Meat ration       |       |     1 ||     1
Armor: Animal skin       |    58 |    22 ||    80
Dodge: Dodged            |    90 |    49 ||   139
